 Dungeon Crawl Stone Soup version 0.30.0-12-gd5a94ecb5d (webtiles) character file.

Game seed: 4079733049444695123

124019 McKennaii the Devastator (level 15, -10/99 HPs)
             Began as a Demigod Conjurer on May 17, 2023.
             Mangled by a tyrant leech (24 damage)
             ... on level 3 of the Swamp.
             The game lasted 01:32:05 (42344 turns).

McKennaii the Devastator (Demigod Conjurer)        Turns: 42344, Time: 01:32:06

Health: -10/99     AC: 14    Str: 13    XL:     15   Next: 91%
Magic:  2/41       EV: 16    Int: 40    God:
Gold:   889        SH:  0    Dex: 12    Spells: 26/47 levels left

rFire   . . .        S - +6 spear of Vyngosk {pain, rElec}
rCold   + . .        (no shield)
rNeg    + + .        h - +4 Cigotuvi's embrace {Corpsefed rMiasma Drain rN+}
rPois   +            C - +2 helmet
rElec   +            d - +0 cloak
rCorr   .            X - +2 pair of gloves {Str+3}
SInv    .            (no boots)
Will    +....        F - amulet "Gepabor" {rC+ rN+ Regen+}
Stlth   ++           c - ring of wizardry
HPRegen 1.16/turn    Z - ring of Weaguschi {rPois EV+5 Str+2 Stlth+}
MPRegen 0.27/turn

%: wizardry (x1)
@: very slow
A: high MP 1, forlorn, divine attributes
a: no special abilities


You were on level 3 of the Swamp.
You visited 4 branches of the dungeon, and saw 25 of its levels.
You also visited: Ossuary.

You collected 2424 gold pieces.
You spent 1535 gold pieces at shops.

Inventory:

Hand Weapons
 S - the +6 spear of Vyngosk (weapon) {pain, rElec}
   (You found it on level 11 of the Dungeon)

   rElec:     It insulates you from electricity.
Armour
 d - a +0 cloak (worn)
 h - the +4 Cigotuvi's embrace (worn) {Corpsefed rMiasma Drain rN+}
   (You found it on level 5 of the Lair of Beasts)

   Corpsefed: It gathers nearby corpses to temporarily increase the armour it
   provides.
   rMiasma:   It protects you from foul pestilence.
   rN:        It protects you from negative energy.
   Drain:     It drains your maximum health when unequipped.
 C - a +2 helmet (worn)
 H - a +0 hat of willpower
 X - a +2 pair of gloves of strength (worn)
Magical Staves
 a - the staff of death "Faz Ecur" {rPois rN+ Str+3 Dex-3}
   (You found it on level 4 of the Lair of Beasts)

   [staff of death]

   Base accuracy: +5 Base damage: 5 Base attack delay: 1.2 This weapon's minimum
   attack delay (0.6) is reached at skill level 12.
   Str:       It affects your strength (+3).
   Dex:       It affects your dexterity (-3).
   rPois:     It protects you from poison.
   rN:        It protects you from negative energy.
   It falls into the 'Staves' category.
   It is a one-handed weapon.
Jewellery
 c - a ring of wizardry (left hand)
 l - a ring of protection from fire
 q - a ring of poison resistance
 x - a ring of see invisible
 F - the amulet "Gepabor" (around neck) {rC+ rN+ Regen+}
   (You found it on level 7 of the Dungeon)

   [amulet of regeneration]

   rC:        It protects you from cold.
   rN:        It protects you from negative energy.
   Regen:     It increases your rate of health regeneration.
 O - a ring of positive energy
 W - the dreamshard necklace {*Dream Drain}
   (You found it on level 14 of the Dungeon)

   [amulet of nothing]

   *Dream:    It shatters if its wearer takes lethal or near-lethal damage,
   preventing the blow and releasing protective dreams that heal and fight for
   the wearer.
   Drain:     It drains your maximum health when unequipped.
 Z - the ring of Weaguschi (right hand) {rPois EV+5 Str+2 Stlth+}
   (You found it on level 2 of the Lair of Beasts)

   [ring of evasion]

   EV:        It affects your evasion (+5).
   Str:       It affects your strength (+2).
   rPois:     It protects you from poison.
   Stlth:     It makes you more stealthy.
Wands
 B - a wand of mindburst (17)
 D - a wand of charming (22)
 M - a wand of flame (15)
 R - a wand of roots (13)
 T - a wand of polymorph (11)
 Y - a wand of digging (7)
Scrolls
 f - 3 scrolls of silence
 g - 4 scrolls of vulnerability
 j - 3 scrolls of poison
 k - 6 scrolls of teleportation
 n - 8 scrolls of fog
 p - 4 scrolls of enchant weapon
 s - 9 scrolls of amnesia
 u - 4 scrolls of magic mapping
 v - 3 scrolls of immolation
 y - 4 scrolls of blinking
 z - 3 scrolls of identify
 E - 3 scrolls of summoning
 G - a scroll of torment
 J - a scroll of enchant armour
 N - 2 scrolls of brand weapon
 Q - 3 scrolls of fear
Potions
 b - 3 potions of magic
 e - a potion of resistance
 i - 3 potions of haste
 m - 3 potions of might
 o - 7 potions of heal wounds
 r - 6 potions of curing
 t - 2 potions of cancellation
 A - 4 potions of flight
 I - 6 potions of brilliance
 K - 4 potions of invisibility
 L - 3 potions of mutation
 P - 4 potions of ambrosia
 U - 2 potions of lignification
 V - 2 potions of berserk rage


   Skills:
 - Level 1.7 Dodging
 - Level 1.7 Stealth
 + Level 16.9 Spellcasting
 + Level 18.5 Conjurations
 + Level 9.8 Earth Magic


You had 26 spell levels left.
You knew the following spells:

 Your Spells              Type           Power      Damage    Failure   Level
a - Magic Dart            Conj           100%       1d8       0%          1
b - Searing Ray           Conj           100%       2d8       0%          2
c - Iskenderun's Mystic   Conj/Tloc      82%        2d16      1%          4
d - Iron Shot             Conj/Erth      49%        9d9       1%          6
e - Lehudib's Crystal Sp  Conj/Erth      49%        10d12     9%          8

Your spell library contained the following spells:

 Spells                   Type           Power      Damage    Failure   Level
 Blink                    Tloc           66%        N/A       1%          2
 Cigotuvi's Dreadful Rot  Necr/Pois/Air  66%        N/A       1%          2
 Lesser Beckoning         Tloc           66%        N/A       1%          2
 Momentum Strike          Conj/Tloc      100%       3d10      1%          2
 Dazzling Flash           Conj/Hex       100%       N/A       1%          3
 Inner Flame              Hex/Fire       33%        N/A       1%          3
 Vhi's Electric Charge    Tloc/Air       66%        N/A       1%          3
 Animate Armour           Summ/Erth      100%       N/A       1%          4
 Fulminant Prism          Conj/Hex       41%        3d19      1%          4
 Arcjolt                  Conj/Air       41%        1d51      1%          5
 Borgnjor's Vile Clutch   Necr/Erth      32%        N/A       1%          5
 Dispel Undead            Necr           33%        3d14      4%          4
 Passage of Golubria      Tloc           33%        N/A       4%          4
 Alistair's Intoxication  Tmut/Pois      22%        N/A       12%         5
 Blade Hands              Tmut           16%        N/A       12%         5
 Silence                  Hex/Air        16%        N/A       12%         5
 Yara's Violent Unravell  Hex/Tmut       16%        3d8       12%         5
 Death Channel            Necr           16%        N/A       52%         6
 Eringya's Noxious Bog    Tmut/Pois      16%        N/A       52%         6
 Plasma Beam              Fire/Air       16%        2x1d30    52%         6
 Enfeeble                 Hex            16%        N/A       97%         7


Dungeon Overview and Level Annotations

Branches:
Dungeon (15/15)            Temple (0/1) D:5            Lair (5/5) D:8
  Swamp (3/4) Lair:3        Snake (0/4) Lair:2        Slime (0/5) Lair:4
    Orc (2/2) D:9             Elf (0/3) Orc:2        Vaults (0/5) D:13
 Depths (0/4) D:15        Ossuary (visited)

Shops:
D:2 ?[*([   D:4 :(![   D:14 (*:!   Orc:2 *[::

Annotations:
D:2 1 runed translucent door, Crazy Yiuf
Lair:5 exclusion: oklob plant
Swamp:1 2 transporters, Sensen's ghost, journeyman MfIE


Innate Abilities, Weirdness & Mutations

You have an increased reservoir of magic. (+10% MP)
You shall have no god before yourself.
Your divine heritage dramatically boosts your attributes as you level up.


Message History

The eleionoma is heavily wounded.
The eleionoma hurls a spray of splinters at you.
The spray of wooden splinters hits you!!
Casting: Iron Shot (mildly dangerous; 1% risk of failure)
Confirm with . or Enter, or press ? or * to list all spells.
Aiming: Iron Shot (mildly dangerous; 1% risk of failure)
Press: ? - help, Shift-Dir - straight line, f/p - eleionoma
Aim: an eleionoma (heavily wounded, 78% to hit)
The iron shot misses the eleionoma.
The eleionoma hits you!
Unknown command.
You enter the shallow water.
Moving in this stuff is going to be slow.
The eleionoma hurls a spray of splinters at you.
The spray of wooden splinters hits you!!
Casting: Iron Shot (mildly dangerous; 1% risk of failure)
Confirm with . or Enter, or press ? or * to list all spells.
Aiming: Iron Shot (mildly dangerous; 1% risk of failure)
Press: ? - help, Shift-Dir - straight line, f/p - eleionoma
Aim: an eleionoma (heavily wounded, 78% to hit)
The iron shot hits the eleionoma!!!
The eleionoma is almost dead.
The eleionoma touches a tree and draws upon its vitality.
The eleionoma is healed.
As you read the scroll of teleportation, it crumbles to dust.
You feel strangely unstable.
Unknown command.
The eleionoma attacks as you move away! The eleionoma hits you!
* * * LOW HITPOINT WARNING * * *
The eleionoma hurls a spray of splinters at you.
The spray of wooden splinters hits you.
* * * LOW HITPOINT WARNING * * *
The eleionoma attacks as you move away! The eleionoma hits you!
* * * LOW HITPOINT WARNING * * *
Your surroundings suddenly seem different.
Splash!
You fall into the shallow water.
Moving in this stuff is going to be slow.
The tyrant leech attacks as you move away!
The tyrant leech bites you!!
You die...

♣.~~.♣♣♣.♣ ♣~♣♣♣.~.♣.≈...
♣.♣...♣♣.♣♣ ♣♣♣~.♣...♣.≈...♣
♣♣<~.♣..~..♣♣♣.♣~~~♣~♣.≈.♣.♣
♣♣..~~.♣~~~.♣♣~♣..~♣..♣≈...♣
♣~~~~~.♣♣~~~~♣~..~.~~.♣≈..♣
♣♣.~~♣~♣♣♣♣....♣.~.♣..♣≈.♣♣
~..~.~~♣ ♣~~~.~~~♣~<~...≈.♣
~~^§~~~♣♣♣♣~§.~~~~§.♣~.≈.♣♣
..~~~§.~♣ ♣♣♣.~~@~~.♣♣.≈..♣
~~.~~~♣~♣
♣♣..~w...♣♣♣≈..≈P≈.
~.....~.♣♣ ♣~~.~~♣~~~♣
≈.≈P≈♣♣♣ ♣ <~~~~~~~~♣
♣♣~.~~§.~♣♣ .≈P≈..♣.♣.
~~..~§~..♣♣ ♣.♣.~~♣.♣
♣.≈....≈.. ~.~~~~.§~.♣
♣~!~!.~~♣ ~.≈≈≈≈.≈≈
....~~~♣~.♣♣♣.~~♣~~~♣
.~~..~~!.
♣♣....~~§.♣♣..§~§~~.♣ ~~♣~♣
♣♣♣)~~~~♣.~..~.~~~~.♣ ♣♣.w.


You could see a tyrant leech.

Vanquished Creatures
  Gastronok (Lair:1)
  Kirke (D:13)
  Aizul (Swamp:3)
  Louise (D:15)
  An orc warlord (D:9)
  5 dire elephants (Lair:5)
  Josephine (D:13)
  Erolcha (D:13)
  16 hydras
  A rakshasa (D:15)
  2 ghost crabs
  4 vault guards (D:13)
  2 ogre magi
  A catoblepas (Lair:4)
  8 two-headed ogres
  4 boulder beetles
  6 centaur warriors
  4 alligators
  A death knight (D:15)
  2 death yaks (Lair:5)
  An orc high priest (Orc:2)
  6 spriggans
  Urug (Lair:1)
  A spectral death yak (Lair:5)
  A skyshark (Lair:4)
  A spectral anaconda (Lair:5)
  A fire crab (Lair:4)
  6 goliath frogs
  Pikel (D:6)
  An obsidian statue (Lair:5)
  An orc knight (D:13)
  A glowing orange brain (D:15)
  2 bog bodies
  3 lindwurms
  2 deep elf pyromancers (D:15)
  5 orc sorcerers (Orc:2)
  4 necromancers (Lair:5)
  14 ugly things
  6 oklob plants
  2 manticores
  7 cyclopes
  2 will-o-the-wisps (Swamp:2)
  5 black mambas
  12 elephants
  An unseen horror (D:12)
  11 cane toads
  4 yaktaurs
  An efreet (D:15)
  5 kobold demonologists
  4 rime drakes
  2 freezing wraiths (D:15)
  16 komodo dragons
  A tengu conjurer (D:13)
  4 tyrant leeches
  A queen bee (Lair:2)
  A troll (shapeshifter) (D:14)
  2 bloated husks
  5 trolls
  A polar bear (Lair:5)
  A wolf spider simulacrum (D:14)
  6 hornets
  9 dream sheep
  3 spectral elephants (Lair:5)
  12 blink frogs
  6 wraiths
  5 shadows
  3 wyverns
  A vampire (D:12)
  10 slime creatures
  3 hogs (D:13)
  33 yaks
  11 basilisks
  A human (D:13)
  4 steam dragons
  2 death yak simulacra (Lair:5)
  18 vampire mosquitoes
  A naga (Lair:2)
  9 swamp worms
  2 spectral cane toads (Lair:5)
  3 acid dragons
  18 water moccasins
  3 swamp drakes (Swamp:1)
  3 ice beasts
  27 orc warriors
  2 sky beasts (D:7)
  A black bear (D:6)
  5 ogres
  10 centaurs
  An elephant skeleton (Lair:5)
  2 kobold brigands
  4 wolves
  A phantom (D:6)
  11 bullfrogs
  2 cane toad simulacra (Lair:5)
  A scorpion (D:4)
  31 wights
  48 killer bees
  7 howler monkeys
  3 electric eels
  6 centaur zombies (Ossuary)
  22 orc priests
  6 hounds
  3 jellies
  6 gnoll boudas
  6 hell rats (Lair:4)
  6 iguanas
  25 orc wizards
  8 ogre zombies (D:9)
  6 mummies (Ossuary)
  24 gnolls
  4 adders
  A river rat (Lair:2)
  A shadow imp (D:6)
  A white imp (D:5)
  2 ufetubi
  A worm (shapeshifter) (D:15)
  4 dart slugs
  72 orcs
  5 ball pythons
  2 endoplasms
  A giant cockroach (D:4)
  10 goblins
  3 hobgoblins
  5 quokkas
  2 bats (D:1)
  A frilled lizard (D:3)
  6 goblin zombies
  A hobgoblin skeleton (D:9)
  6 hobgoblin zombies
  17 kobolds
  4 orc skeletons (D:9)
  12 orc zombies (D:9)
  22 rats
832 creatures vanquished.

Vanquished Creatures (others)
  An orc wizard (Orc:2)
  An orc (Orc:2)
2 creatures vanquished.

Grand Total: 834 creatures vanquished

Notes
Turn   | Place    | Note
-------+----------+-------------------------------------------
     0 | D:1      | McKennaii the Demigod Conjurer began the quest for the Orb.
     0 | D:1      | Reached XP level 1. HP: 14/14 MP: 5/5
   199 | D:1      | You fall into a shaft and drop 1 floor!
   234 | D:2      | Reached XP level 2. HP: 20/20 MP: 3/7
   309 | D:2      | Reached skill level 4 in Conjurations
   500 | D:2      | Reached XP level 3. HP: 11/26 MP: 0/9
  1404 | D:2      | Reached XP level 4. HP: 33/33 MP: 3/11
  1499 | D:2      | Found Vekloigh's General Store.
  1741 | D:2      | Found Kyorea's Armour Shoppe.
  1744 | D:2      | Found Kellu's Magic Scroll Emporium.
  1750 | D:2      | Bought a scroll of teleportation for 36 gold pieces
  1750 | D:2      | Bought a scroll of teleportation for 36 gold pieces
  1750 | D:2      | Bought a scroll of teleportation for 36 gold pieces
  1811 | D:2      | Found a runed translucent door.
  1812 | D:2      | Noticed Crazy Yiuf
  1861 | D:2      | Found Keseergh's Armour Emporium.
  1926 | D:2      | Found Niomumug's Antique Weapon Shoppe.
  2130 | D:2      | Learned a level 2 spell: Searing Ray
  2135 | D:2      | Learned a level 4 spell: Iskenderun's Mystic Blast
  2937 | D:4      | Found Wicwenn's Distillery.
  2942 | D:4      | Found Moopycoh's Book Emporium.
  2942 | D:4      | Found Xoaqouff's Armour Emporium.
  2943 | D:4      | Found Posk's Weapon Emporium.
  2946 | D:4      | Bought a potion of curing for 42 gold pieces
  3117 | D:4      | Reached skill level 5 in Conjurations
  3117 | D:4      | Reached XP level 5. HP: 34/38 MP: 6/13
  3445 | D:4      | Reached XP level 6. HP: 40/45 MP: 7/15
  4156 | D:5      | Entered Level 5 of the Dungeon
  4203 | D:5      | Reached skill level 6 in Conjurations
  4406 | D:5      | Reached XP level 7. HP: 50/50 MP: 11/17
  4552 | D:5      | Reached skill level 5 in Spellcasting
  4878 | D:5      | Found a staircase to the Ecumenical Temple.
  5807 | D:6      | Reached skill level 7 in Conjurations
  6008 | D:6      | Reached XP level 8. HP: 57/57 MP: 12/20
  6248 | D:6      | Noticed Pikel
  6271 | D:6      | Killed Pikel
  6272 | D:6      | Reached skill level 8 in Conjurations
  6936 | D:7      | Reached XP level 9. HP: 46/61 MP: 10/24
  6969 | D:7      | Reached skill level 9 in Conjurations
  8119 | D:7      | Identified the amulet "Gepabor" {rC+ rN+ Regen+}
  8298 | D:8      | Reached skill level 10 in Conjurations
  8318 | D:8      | Found a sand-covered staircase.
  8324 | Ossuary  | Entered an ossuary
  9052 | D:8      | Reached XP level 10. HP: 66/69 MP: 21/27
  9328 | D:8      | Found a staircase to the Lair.
  9593 | Lair:1   | Entered Level 1 of the Lair of Beasts
  9708 | Lair:1   | Noticed Gastronok
  9756 | Lair:1   | Learned a level 6 spell: Iron Shot
 10165 | D:9      | Reached skill level 1 in Earth Magic
 10879 | D:9      | Reached skill level 11 in Conjurations
 11043 | D:9      | Found a staircase to the Orcish Mines.
 11436 | D:9      | Reached skill level 10 in Spellcasting
 12002 | D:10     | Entered Level 10 of the Dungeon
 12459 | D:10     | Noticed a two-headed ogre
 12473 | D:10     | Killed a two-headed ogre
 12624 | D:10     | Noticed a soul eater
 13087 | D:10     | Reached XP level 11. HP: 57/74 MP: 18/29
 13329 | D:11     | Noticed a two-headed ogre
 13355 | D:11     | Killed a two-headed ogre
 13586 | D:11     | Reached skill level 5 in Earth Magic
 13734 | D:11     | Identified the +6 spear of Vyngosk {pain, rElec}
 13920 | D:11     | Reached skill level 12 in Conjurations
 14923 | D:12     | Noticed a two-headed ogre
 15127 | Lair:1   | Killed Gastronok
 15430 | Lair:1   | Noticed a five-headed hydra
 15430 | Lair:1   | Noticed Urug
 15434 | Lair:1   | Killed Urug
 15479 | Lair:1   | Killed a five-headed hydra
 16538 | Lair:2   | Found a staircase to the Snake Pit.
 16693 | Lair:2   | Reached XP level 12. HP: 51/81 MP: 2/32
 17302 | Lair:2   | Reached skill level 13 in Conjurations
 18322 | Lair:2   | Noticed a six-headed hydra
 18648 | Lair:2   | Killed a six-headed hydra
 19824 | Lair:3   | Found a staircase to the Swamp.
 20633 | Lair:4   | Noticed a catoblepas
 20638 | Lair:4   | Killed a catoblepas
 20798 | Lair:4   | Reached skill level 14 in Conjurations
 20798 | Lair:4   | Reached XP level 13. HP: 86/86 MP: 12/34
 21787 | Lair:4   | Found a staircase to the Slime Pits.
 22363 | Lair:4   | Identified the staff of death "Faz Ecur" {rPois rN+ Str+3
                  | Dex-3}
 22490 | Lair:5   | Entered Level 5 of the Lair of Beasts
 24068 | Lair:5   | Reached skill level 15 in Conjurations
 24958 | Lair:5   | Noticed a dire elephant
 24958 | Lair:5   | Noticed a dire elephant
 24958 | Lair:5   | Noticed a dire elephant
 24958 | Lair:5   | Noticed a dire elephant
 24987 | Lair:5   | Killed a dire elephant
 24990 | Lair:5   | Killed a dire elephant
 25442 | Lair:5   | Noticed a dire elephant
 25735 | Lair:5   | Identified the +0 chain mail "Zabb" {+Inv}
 26694 | Lair:5   | Reached XP level 14. HP: 91/93 MP: 11/37
 26796 | Lair:5   | Found the +4 Cigotuvi's embrace {Corpsefed rMiasma Drain
                  | rN+}
 27796 | D:12     | Reached skill level 16 in Conjurations
 28133 | D:12     | Identified the +7 shortbow "Askonar" {drain, Fly}
 29140 | D:13     | Noticed Erolcha
 29145 | D:13     | Killed Erolcha
 29805 | D:13     | Noticed Josephine
 29815 | D:13     | Killed Josephine
 29820 | D:13     | Reached skill level 15 in Spellcasting
 30313 | D:13     | Found a gate to the Vaults.
 30528 | D:13     | Noticed Kirke
 30538 | D:13     | Killed Kirke
 31655 | D:14     | Found Ygrog's Distillery.
 31663 | D:14     | Bought a potion of heal wounds for 95 gold pieces
 31663 | D:14     | Bought a potion of heal wounds for 95 gold pieces
 31663 | D:14     | Bought a potion of heal wounds for 95 gold pieces
 31663 | D:14     | Bought a potion of ambrosia for 152 gold pieces
 31663 | D:14     | Bought a potion of ambrosia for 152 gold pieces
 31837 | D:14     | Found Hicw's Book Shop.
 32194 | D:14     | Reached skill level 17 in Conjurations
 32294 | D:14     | Found the dreamshard necklace {*Dream Drain}
 32468 | D:14     | Identified the amulet "Tiuzafat" {Spirit rC+}
 32473 | D:14     | Found Fyrhul's Assorted Antiques.
 32567 | D:14     | Bought a crooked bronze wand for 116 gold pieces
 32707 | D:14     | Found Idesexi's Antique Weapon Shop.
 33218 | Lair:2   | Identified the ring of Weaguschi {rPois EV+5 Str+2 Stlth+}
 33595 | D:15     | Entered Level 15 of the Dungeon
 33994 | D:15     | Noticed Louise
 34496 | D:14     | Reached XP level 15. HP: 61/99 MP: 13/40
 36172 | D:15     | Killed Louise
 36361 | D:15     | Found a staircase to the Depths.
 36591 | Orc:1    | Entered Level 1 of the Orcish Mines
 37352 | Orc:2    | Entered Level 2 of the Orcish Mines
 37632 | Orc:2    | Reached skill level 18 in Conjurations
 38099 | Orc:2    | Found a staircase to the Elven Halls.
 38400 | Orc:2    | Found Zipousme's Armour Emporium.
 38400 | Orc:2    | Found Amaeg's Book Shoppe.
 38401 | Orc:2    | Found Mimesk's Book Shoppe.
 38405 | Orc:2    | Found Moaz's Assorted Antiques.
 38409 | Orc:2    | Bought a book of the Moon for 680 gold pieces
 38418 | Orc:2    | Learned a level 8 spell: Lehudib's Crystal Spear
 38746 | Swamp:1  | Entered Level 1 of the Swamp
 38795 | Swamp:1  | Found a transporter.
 38797 | Swamp:1  | Noticed a tentacled monstrosity
 38799 | Swamp:1  | Found a transporter.
 38799 | Swamp:1  | Noticed a thorn hunter
 38799 | Swamp:1  | Noticed Sensen's ghost (journeyman MfIE)
 41536 | Swamp:3  | Noticed Aizul
 41546 | Swamp:3  | Killed Aizul
 42344 | Swamp:3  | Mangled by a tyrant leech

Illustrated notes

Levels and vault maps discovered:
D:1:      dpeg_arrival_connections, layout_rooms
D:2:      minmay_skewed_foursquare, layout_loops_ring, serial_shops,
          nicolae_diamond_shop, nicolae_shop_crystal, shop,
          nicolae_shop_back_alley_shop, shop,
          shapermc_ecumenical_altar_mp_urbaneastern, minmay_rat_hole,
          uniq_crazy_yiuf_cottage
D:3:      layout_rooms, mainiacjoe_overflow_cross_hatched,
          mainiacjoe_overflow_divided_tiny, kennysheep_cluttered_room,
          wad_orctagon
D:4:      layout_loops_ring, minmay_strange_pillars, minmay_shop_grid_forest
D:5:      layout_layer_cave, minmay_temple_entry_junction
D:6:      layout_rooms, grunt_temple_overflow_open, mainiacjoe_overflow_catwalk,
          uniq_pikel
D:7:      layout_loops_cross, st_stairs_5, kennysheep_generic_room_15
D:8:      layout_loops_ring, david_lair_shrubbed, enter_ossuary_3,
          item_on_display_a
D:9:      hellmonk_ruined_rings, layout_basic, zombieorc2_lemuel
D:10:     layout_roguey, enter_bailey_6
D:11:     layout_roguey
D:12:     layout_small_grid
D:13:     layout_irregular_city, grunt_vaults_entry_fortified,
          nicolae_kikubaaqudgha_miasma_corner, uniq_josephine, uniq_kirke,
          uniq_erolcha
D:14:     layout_basic, serial_shops, nicolae_shop_industrial_runoff, shop,
          shop, nicolae_shop_tiny_real_fake_doors, chequers_avenue,
          minmay_misc_feat_encased, eat_drink_and_be_merry_uskayaw
D:15:     gammafunk_enter_depths_forms, layout_rooms, elyvilon_altar_5,
          uniq_louise
Lair:1:   layout_layer_cave, chequers_serial_rivers_micro_d,
          bh_autumn_forest_stairs, lemuel_fruit_fields, uniq_urug,
          uniq_gastronok
Lair:2:   hangedman_what_comes_after_a, layout_chaotic_city,
          guppyfry_snake_entry_garden, cheibrodos_lair_caveside_slide
Lair:3:   layout_misc_corridors, swamp_mist, nicolae_lair_lindhole,
          serial_bayou_shore_b
Lair:4:   cheibrodos_lair_river_kwai, layout_long_grid,
          minmay_slime_entry_oklob_enclosed, st_stairs_13
Lair:5:   due_jungle_book, layout_misc_corridors, basic_altar,
          infiniplex_staircase_pool, grunt_megastairs_3
Swamp:1:  layout_falls_marsh, gammafunk_ghost_arena, lemuel_altar_in_water
Swamp:2:  layout_basic_swamp, nicolae_swamp_ascending_descending
Swamp:3:  layout_falls_marsh, hangedman_swamp_pad, uniq_aizul
Orc:1:    layout_caves, basic_altar
Orc:2:    st_orc_mages, layout_caves

Skill      XL: |  1  2  3  4  5  6  7  8  9 10 11 12 13 14 15 |
---------------+----------------------------------------------+-----
Spellcasting   | 2 3 4 6 7 9 10 11 12 14 15 16 | 16.9
Conjurations   | 4 5 6 7 8 10 11 12 14 15 17 18 | 18.5
Earth Magic    | 4 7 9 |  9.8
Dodging        | |  1.7
Stealth        | |  1.7

Action                     |  1- 3 |  4- 6 |  7- 9 | 10-12 | 13-15 || total
---------------------------+-------+-------+-------+-------+-------++-------
  Melee: Unarmed           |    47 |       |       |       |       ||    47
         War axe           |       |       |     1 |       |       ||     1
         Scimitar          |       |       |    47 |    25 |       ||    72
         Punch             |       |       |     2 |     2 |     1 ||     5
         Spear             |       |       |       |    18 |    60 ||    78
   Cast: Magic Dart        |    81 |   106 |   164 |   306 |   269 ||   926
         Searing Ray       |       |     5 |    64 |    67 |     9 ||   145
         Iskenderun's Myst |       |       |     8 |    73 |   164 ||   245
         Iron Shot         |       |       |       |    96 |   430 ||   526
  Evoke: Wand              |       |       |       |       |    11 ||    11
    Use: Potion            |     1 |       |       |       |     2 ||     3
         Scroll            |       |     2 |    11 |     8 |    15 ||    36
 Armour: Robe              |    10 |     3 |   130 |    79 |       ||   222
         Steam dragon scal |       |       |       |     6 |    45 ||    51
         Leather armour    |       |       |       |       |   115 ||   115
  Dodge: Dodged            |    56 |    12 |   170 |   176 |   263 ||   677
